| TOP OF THE 1ST |
|
Stanford University Cardinal batting - Pitching for Vanderbilt University Commodores : RHP Adam Hoffman
|
|
Pitching: RHP Adam Hoffman
|
|
|
Batting: RHB John Van der Linden
|
0-0: Ball 1-0: SINGLE (Line Drive, 78M, EV 108.1 MPH)
|
|
Batting: RHB Bobby Orantez
|
0-0: Called Strike 0-1: Swinging Strike 0-2: Strikes out swinging
|
|
Batting: LHB Donny Kleinjan
|
0-0: Swinging Strike 0-1: Called Strike 0-2: Ball 1-2: Strikes out swinging
|
|
Batting: RHB Joe Petley
|
0-0: Called Strike 0-1: Called Strike 0-2: Ball 1-2: Ground out 1-3 (Groundball, 34S, EV 68.8 MPH)
|
| Top of the 1st over - 0 runs, 1 hit, 0 errors, 1 left on base; Stanford University 0 - Vanderbilt University 0 |
| BOTTOM OF THE 1ST |
|
Vanderbilt University Commodores batting - Pitching for Stanford University Cardinal : RHP Nelson Enriquez
|
|
Pitching: RHP Nelson Enriquez
|
|
|
Batting: RHB Takashi Takeuchi
|
0-0: Called Strike 0-1: Called Strike 0-2: Ball 1-2: Foul Ball, location: 2F 1-2: Ball 2-2: Strikes out swinging
|
|
Batting: RHB Jose Ramos
|
0-0: Ball 1-0: Ball 2-0: Fly out, F8 (Flyball, 8LD, EV 80.6 MPH)
|
|
Batting: RHB Edgar Fernandez
|
0-0: Ball 1-0: Ball 2-0: Ball 3-0: Base on Balls
|
|
Batting: LHB Tokito Ishizaki
|
0-0: Ball Wild Pitch! Edgar Fernandez to second 1-0: Called Strike 1-1: Called Strike 1-2: Ball 2-2: Ground out 6-3 (Groundball, 6, EV 103.8 MPH)
|
| Bottom of the 1st over - 0 runs, 0 hits, 0 errors, 1 left on base; Stanford University 0 - Vanderbilt University 0 |
| TOP OF THE 2ND |
|
Stanford University Cardinal batting - Pitching for Vanderbilt University Commodores : RHP Adam Hoffman
|
|
Batting: RHB Dzevat Koljevic
|
0-0: Ball 1-0: Ground out 6-3 (Groundball, 6, EV 102.5 MPH)
|
|
Batting: SHB Philippe Huff
|
0-0: Ball 1-0: Swinging Strike 1-1: Swinging Strike 1-2: Fly out, F7 (Flyball, 7, EV 85.0 MPH)
|
|
Batting: RHB Gary Preston
|
0-0: Foul Ball, location: 2F 0-1: Foul Ball, location: 2F 0-2: Ball 1-2: Strikes out looking
|
| Top of the 2nd over - 0 runs, 0 hits, 0 errors, 0 left on base; Stanford University 0 - Vanderbilt University 0 |
| BOTTOM OF THE 2ND |
|
Vanderbilt University Commodores batting - Pitching for Stanford University Cardinal : RHP Nelson Enriquez
|
|
Batting: RHB Pakiana Kileona
|
0-0: Ground out 4-3 (Groundball, 4, EV 78.8 MPH)
|
|
Batting: SHB D.J. Davis
|
0-0: Swinging Strike 0-1: Fly out, F7 (Line Drive, 7, EV 83.8 MPH)
|
|
Batting: RHB Ruben Reyna
|
0-0: DOUBLE (Flyball, 8RXD, EV 91.9 MPH)
|
|
Batting: RHB Sam Kerwin
|
0-0: Ball 1-0: Fly out, F7 (Flyball, 7D, EV 98.8 MPH)
|
| Bottom of the 2nd over - 0 runs, 1 hit, 0 errors, 1 left on base; Stanford University 0 - Vanderbilt University 0 |
| TOP OF THE 3RD |
|
Stanford University Cardinal batting - Pitching for Vanderbilt University Commodores : RHP Adam Hoffman
|
|
Batting: LHB Mike Keating
|
0-0: Fly out, F9 (Line Drive, 9S, EV 91.2 MPH)
|
|
Batting: RHB Josh Benefield
|
0-0: Fly out, F5 (Line Drive, 56, EV 69.4 MPH)
|
|
Batting: RHB John Van der Linden
|
0-0: Ball 1-0: Called Strike 1-1: Swinging Strike 1-2: Strikes out swinging
|
| Top of the 3rd over - 0 runs, 0 hits, 0 errors, 0 left on base; Stanford University 0 - Vanderbilt University 0 |
| BOTTOM OF THE 3RD |
|
Vanderbilt University Commodores batting - Pitching for Stanford University Cardinal : RHP Nelson Enriquez
|
|
Batting: SHB Robbie Glover
|
0-0: Swinging Strike 0-1: Foul Ball, location: 2F 0-2: Foul Ball, location: 2F 0-2: Ball 1-2: Ball 2-2: Foul Ball, location: 2F 2-2: Strikes out swinging
|
|
Batting: RHB Takashi Takeuchi
|
0-0: Ball 1-0: Ball 2-0: Ground out 6-3 (Groundball, 56D, EV 86.2 MPH)
|
|
Batting: RHB Jose Ramos
|
0-0: Ground out 6-3 (Groundball, 6, EV 94.4 MPH)
|
| Bottom of the 3rd over - 0 runs, 0 hits, 0 errors, 0 left on base; Stanford University 0 - Vanderbilt University 0 |
| TOP OF THE 4TH |
|
Stanford University Cardinal batting - Pitching for Vanderbilt University Commodores : RHP Adam Hoffman
|
|
Batting: RHB Bobby Orantez
|
0-0: Ball 1-0: Called Strike 1-1: Ball 2-1: Ground out U3 (Groundball, 34, EV 108.8 MPH)
|
|
Batting: LHB Donny Kleinjan
|
0-0: Ball 1-0: Fly out, F8 (Flyball, 8LM, EV 88.1 MPH)
|
|
Batting: RHB Joe Petley
|
0-0: Called Strike 0-1: Swinging Strike 0-2: Foul Ball, location: 2F 0-2: Strikes out swinging, 2-3 out at first.
|
| Top of the 4th over - 0 runs, 0 hits, 0 errors, 0 left on base; Stanford University 0 - Vanderbilt University 0 |
| BOTTOM OF THE 4TH |
|
Vanderbilt University Commodores batting - Pitching for Stanford University Cardinal : RHP Nelson Enriquez
|
|
Batting: RHB Edgar Fernandez
|
0-0: Swinging Strike 0-1: Foul Ball, location: 2F 0-2: SINGLE (Groundball, 56S, EV 65.0 MPH) (infield hit)
|
|
Batting: LHB Tokito Ishizaki
|
0-0: Ball 1-0: Foul Ball, location: 2F 1-1: Ball 2-1: Called Strike 2-2: Ball 3-2: Base on Balls Edgar Fernandez to second
|
|
Batting: RHB Pakiana Kileona
|
0-0: Ball 1-0: Ball 2-0: Called Strike 2-1: Foul Ball, location: 2F 2-2: Ball 3-2: Fly out, F9 (Flyball, 9LM, EV 89.4 MPH)
|
|
Batting: SHB D.J. Davis
|
0-0: Ball 1-0: Ball 2-0: Ball 3-0: Called Strike 3-1: Foul Ball, location: 2F 3-2: Foul Ball, location: 2F 3-2: Base on Balls Edgar Fernandez to third Tokito Ishizaki to second
|
|
Batting: RHB Ruben Reyna
|
0-0: Called Strike 0-1: Swinging Strike 0-2: Strikes out swinging
|
|
Batting: RHB Sam Kerwin
|
0-0: Foul Ball, location: 2F 0-1: Called Strike 0-2: Ground out 4-3 (Groundball, 4, EV 88.1 MPH)
|
| Bottom of the 4th over - 0 runs, 1 hit, 0 errors, 3 left on base; Stanford University 0 - Vanderbilt University 0 |
| TOP OF THE 5TH |
|
Stanford University Cardinal batting - Pitching for Vanderbilt University Commodores : RHP Adam Hoffman
|
|
Batting: RHB Dzevat Koljevic
|
0-0: Fly out, F9 (Line Drive, 9, EV 110.0 MPH)
|
|
Batting: SHB Philippe Huff
|
0-0: DOUBLE (Flyball, 8LXD, EV 96.9 MPH)
|
|
Batting: RHB Gary Preston
|
0-0: Called Strike 0-1: Ball 1-1: Called Strike 1-2: Ball 2-2: Ball 3-2: SINGLE (Groundball, 56D, EV 105.6 MPH) Philippe Huff to third
|
|
Batting: LHB Mike Keating
|
0-0: Ball 1-0: Foul Ball, location: 2F 1-1: Ball 2-1: Fly out, F9 (Flyball, 9D, EV 103.1 MPH) Runner from 3rd tags up, SCORES, throw by RF
|
|
Batting: RHB Josh Benefield
|
0-0: Called Strike 0-1: Ball 1-1: Ball 2-1: Foul Ball, location: 2F 2-2: Ball 3-2: Base on Balls Gary Preston to second
|
|
Batting: RHB John Van der Linden
|
0-0: Called Strike 0-1: Fly out, F8 (Flyball, 89D, EV 91.9 MPH)
|
| Top of the 5th over - 1 run, 2 hits, 0 errors, 2 left on base; Stanford University 1 - Vanderbilt University 0 |
| BOTTOM OF THE 5TH |
|
Vanderbilt University Commodores batting - Pitching for Stanford University Cardinal : RHP Nelson Enriquez
|
|
Batting: SHB Robbie Glover
|
0-0: Fly out, F7 (Flyball, 78M, EV 94.4 MPH)
|
|
Batting: RHB Takashi Takeuchi
|
0-0: Ball 1-0: Foul Ball, location: 2F 1-1: Ball 2-1: Ground out 6-3 (Groundball, 6, EV 83.1 MPH)
|
|
Batting: RHB Jose Ramos
|
0-0: Called Strike 0-1: SINGLE (Line Drive, 9S, EV 106.2 MPH)
|
|
Batting: RHB Edgar Fernandez
|
0-0: Called Strike 0-1: Ball 1-1: Ball 2-1: Ground out 4-3 (Groundball, 4, EV 98.8 MPH)
|
| Bottom of the 5th over - 0 runs, 1 hit, 0 errors, 1 left on base; Stanford University 1 - Vanderbilt University 0 |
| TOP OF THE 6TH |
|
Stanford University Cardinal batting - Pitching for Vanderbilt University Commodores : RHP Adam Hoffman
|
|
Batting: RHB Bobby Orantez
|
0-0: Ball 1-0: Foul Ball, location: 2F 1-1: Ball 2-1: Called Strike 2-2: Strikes out looking
|
|
Batting: LHB Donny Kleinjan
|
0-0: Ball 1-0: Called Strike 1-1: Ball 2-1: SINGLE (Groundball, 56D, EV 98.8 MPH)
|
|
Batting: RHB Joe Petley
|
0-0: Ball 1-0: Fly out, F3 (Popup, 3S, EV 68.1 MPH)
|
|
Batting: RHB Dzevat Koljevic
|
0-0: Called Strike Donny Kleinjan steals 2nd base 0-1: Foul Ball, location: 2F 0-2: Ball 1-2: Ball 2-2: Ball 3-2: Foul Ball, location: 2F 3-2: Foul Ball, location: 2F 3-2: Fly out, F8 (Flyball, 8RD, EV 91.2 MPH)
|
| Top of the 6th over - 0 runs, 1 hit, 0 errors, 1 left on base; Stanford University 1 - Vanderbilt University 0 |
| BOTTOM OF THE 6TH |
|
Vanderbilt University Commodores batting - Pitching for Stanford University Cardinal : RHP Nelson Enriquez
|
|
Batting: LHB Tokito Ishizaki
|
0-0: Ball 1-0: Ball 2-0: Called Strike 2-1: Ball 3-1: Base on Balls
|
|
Batting: RHB Pakiana Kileona
|
0-0: Called Strike 0-1: Called Strike Tokito Ishizaki steals 2nd, throwing error, E2 Tokito Ishizaki to third 0-2: Ball 1-2: Strikes out looking
|
|
Pitching: RHP Dante Verduzco
|
|
|
Batting: SHB D.J. Davis
|
0-0: Swinging Strike 0-1: Ball 1-1: Fly out, F9 (Line Drive, 9LS, EV 91.2 MPH)
|
|
Batting: RHB Ruben Reyna
|
0-0: Called Strike 0-1: Ball 1-1: Ball 2-1: Called Strike 2-2: Ball 3-2: Foul Ball, location: 2F 3-2: Foul Ball, location: 2F 3-2: Base on Balls
|
|
Pinch Hitting: RHB Brian Pflughoeft
|
0-0: Ground out 4-3 (Groundball, 4, EV 85.6 MPH)
|
| Bottom of the 6th over - 0 runs, 0 hits, 1 error, 2 left on base; Stanford University 1 - Vanderbilt University 0 |
| TOP OF THE 7TH |
|
Stanford University Cardinal batting - Pitching for Vanderbilt University Commodores : RHP Adam Hoffman
|
|
Now in LF: Jose Ramos
|
|
|
Now in CF: Brian Pflughoeft
|
|
|
Batting: SHB Philippe Huff
|
0-0: Ball 1-0: Ball 2-0: Ball 3-0: Base on Balls
|
|
Pitching: LHP Ethan Roberson
|
|
|
Batting: RHB Gary Preston
|
0-0: Fly out, F7 (Flyball, 7S, EV 76.9 MPH)
|
|
Batting: LHB Mike Keating
|
0-0: Ball 1-0: Fly out, F8 (Flyball, 8LM, EV 95.0 MPH)
|
|
Batting: RHB Josh Benefield
|
0-0: Called Strike 0-1: Foul Ball, location: 2F 0-2: Ground out U3 (Groundball, 3, EV 100.0 MPH)
|
| Top of the 7th over - 0 runs, 0 hits, 0 errors, 1 left on base; Stanford University 1 - Vanderbilt University 0 |
| BOTTOM OF THE 7TH |
|
Vanderbilt University Commodores batting - Pitching for Stanford University Cardinal : RHP Dante Verduzco
|
|
Pinch Hitting: RHB Min Tann
|
0-0: Ball 1-0: Called Strike 1-1: Ball 2-1: SINGLE (Groundball, 4, EV 96.9 MPH)
|
|
Batting: RHB Takashi Takeuchi
|
0-0: Ball 1-0: Foul Ball, location: 2F 1-1: Ground out 6-3 (Groundball, 6M, EV 91.9 MPH) Min Tann to second
|
|
Batting: RHB Jose Ramos
|
0-0: Reaches on Catchers interference
|
|
Batting: RHB Edgar Fernandez
|
0-0: 3-RUN HOME RUN (Flyball, 7LD, EV 96.9 MPH), Distance : 374 ft
|
|
Pitching: RHP Andy Swan
|
|
|
Batting: LHB Tokito Ishizaki
|
0-0: Ball 1-0: DOUBLE (Line Drive, 7LM, EV 108.8 MPH)
|
|
Batting: RHB Pakiana Kileona
|
0-0: Intentional Walk
|
|
Batting: SHB D.J. Davis
|
0-0: Called Strike 0-1: Fly out, F7 (Flyball, 7S, EV 87.5 MPH)
|
|
Batting: RHB Ruben Reyna
|
0-0: Ball 1-0: Fielders Choice at 2nd, 6-4 (Groundball, 6, EV 104.4 MPH)
|
| Bottom of the 7th over - 3 runs, 3 hits, 1 error, 2 left on base; Stanford University 1 - Vanderbilt University 3 |
| TOP OF THE 8TH |
|
Stanford University Cardinal batting - Pitching for Vanderbilt University Commodores : LHP Ethan Roberson
|
|
Now at 1B: Paul Johnson
|
|
|
Now at SS: Min Tann
|
|
|
Batting: RHB John Van der Linden
|
0-0: Ball 1-0: Ball 2-0: Ball 3-0: Base on Balls
|
|
Batting: RHB Bobby Orantez
|
0-0: Called Strike 0-1: Ball 1-1: Foul Ball, location: 2F 1-2: Foul Ball, location: 2F 1-2: Strikes out swinging
|
|
Batting: LHB Donny Kleinjan
|
0-0: Ball 1-0: Ball 2-0: Called Strike 2-1: Swinging Strike 2-2: Foul Ball, location: 2F 2-2: Strikes out swinging
|
|
Pitching: RHP Jesus Ortega
|
|
|
Batting: RHB Erwin Young
|
0-0: Foul Ball, location: 2F 0-1: Ball 1-1: Ball 2-1: Fly out, F4 (Popup, 34S, EV 78.1 MPH)
|
| Top of the 8th over - 0 runs, 0 hits, 0 errors, 1 left on base; Stanford University 1 - Vanderbilt University 3 |
| BOTTOM OF THE 8TH |
|
Vanderbilt University Commodores batting - Pitching for Stanford University Cardinal : RHP Andy Swan
|
|
Batting: RHB Brian Pflughoeft
|
0-0: Ball 1-0: Ball 2-0: Called Strike 2-1: Ball 3-1: Base on Balls
|
|
Batting: RHB Min Tann
|
0-0: Ball Brian Pflughoeft steals 2nd base 1-0: Ball 2-0: Fly out, F8 (Flyball, 78M, EV 89.4 MPH)
|
|
Batting: RHB Takashi Takeuchi
|
0-0: Ball 1-0: Fly out, F3 (Popup, 3F, EV 61.9 MPH)
|
|
Batting: RHB Jose Ramos
|
0-0: Ball 1-0: Swinging Strike 1-1: Foul Ball, location: 2F 1-2: Foul Ball, location: 2F 1-2: Ball 2-2: Foul Ball, location: 2F 2-2: Foul Ball, location: 2F 2-2: Fly out, F7 (Flyball, 7, EV 93.1 MPH)
|
| Bottom of the 8th over - 0 runs, 0 hits, 0 errors, 1 left on base; Stanford University 1 - Vanderbilt University 3 |
| TOP OF THE 9TH |
|
Stanford University Cardinal batting - Pitching for Vanderbilt University Commodores : RHP Jesus Ortega
|
|
Pinch Hitting: RHB Eric McDonald
|
0-0: Ball 1-0: Ground out 3-1 (Groundball, 34, EV 84.4 MPH)
|
|
Batting: SHB Philippe Huff
|
0-0: Ball 1-0: Called Strike 1-1: Ball 2-1: Ground out 4-3 (Groundball, 4, EV 83.8 MPH)
|
|
Batting: RHB Gary Preston
|
0-0: Foul Ball, location: 2F 0-1: Ball 1-1: Called Strike 1-2: Ball 2-2: Ball 3-2: Foul Ball, location: 2F 3-2: Ground out 5-3 (Groundball, 15, EV 89.4 MPH)
|
| Top of the 9th over - 0 runs, 0 hits, 0 errors, 0 left on base; Stanford University 1 - Vanderbilt University 3 |
|